 Dungeon Crawl Stone Soup version 0.24-a0-439-g6dd8730de2 (webtiles) character file.

Game seed: 6027027955249179438

3331 mhoghedin the Destroyer (level 10, -3/54 HPs)
             Began as a Kobold Conjurer on June 18, 2019.
             Was an Initiate of Vehumet.
             Slain by a troll (18 damage)
             ... on level 8 of the Dungeon.
             The game lasted 00:26:16 (10775 turns).

mhoghedin the Destroyer (Kobold Conjurer)          Turns: 10775, Time: 00:26:17

Health: -3/54      AC:  6    Str:  3 (5)  XL:     10   Next: 22%
Magic:  3/19       EV: 15    Int: 19 (20) God:    Vehumet [......]
Gold:   309        SH:  5    Dex: 15 (16) Spells: 3/21 levels left

rFire    . . .     SeeInvis +   f - +1 short sword
rCold    . . .     Gourm    .   (shield restricted)
rNeg     + . .     Faith    .   a - +0 robe
rPois    .         Spirit   .   k - +1 helmet (curse)
rElec    .         Reflect  +   C - +1 cloak {MR+}
rCorr    .         Harm     .   (no gloves)
MR       +....                  (no boots)
Stlth    +++.......             j - +5 amulet of reflection
HPRegen  0.18/turn              m - ring of see invisible {sInv, !d}
MPRegen  0.16/turn              B - ring of positive energy {rN+}

@: about to teleport
A: small, carnivore
a: Renounce Religion


You were on level 8 of the Dungeon.
You worshipped Vehumet.
Vehumet was noncommittal.
You were not hungry.

You visited 2 branches of the dungeon, and saw 9 of its levels.
You also visited: Sewer.

You collected 309 gold pieces.

Inventory:

Hand Weapons
 f - a +1 short sword (weapon)
   (You took it off a kobold on level 1 of the Dungeon)
Armour
 a - a +0 robe (worn)
 k - a cursed +1 helmet (worn)
   (You found it on level 2 of the Dungeon)
 C - a +1 cloak of magic resistance (worn)
   (You took it off Crazy Yiuf on level 7 of the Dungeon)
Magical Staves
 q - an uncursed staff of cold {rC+}
   (You found it on level 4 of the Dungeon)
 D - an uncursed staff of earth
   (You found it on level 7 of the Dungeon)
Jewellery
 g - an uncursed amulet of regeneration {+regen, !d}
   (You found it on level 1 of the Dungeon)
 j - a +5 amulet of reflection (around neck)
   (You found it on level 2 of the Dungeon)
 m - a ring of see invisible (left hand) {sInv, !d}
   (You found it on level 2 of the Dungeon)
 y - an uncursed ring of resist corrosion
   (You found it on level 5 of the Dungeon)
 A - an uncursed ring of wizardry {Wiz+, !d}
   (You took it off an orc warrior on level 6 of the Dungeon)
 B - a ring of positive energy (right hand) {rN+}
   (You found it on level 6 of the Dungeon)
Wands
 u - a wand of random effects (50)
   (You found it on level 4 of the Dungeon)
 z - a wand of flame (18)
   (You found it on level 7 of the Dungeon)
Scrolls
 e - a scroll of amnesia
 o - a scroll of fog
 p - 8 scrolls of remove curse
 t - 5 scrolls of teleportation
 x - a scroll of blinking {!r}
Potions
 d - 2 potions of heal wounds
 h - 2 potions of lignification {unknown}
 i - 3 potions of might
 n - 5 potions of ambrosia {unknown}
 r - a potion of magic {unknown}
 s - 3 potions of agility
 v - a potion of haste
 w - a potion of curing
Comestibles
 c - 16 rations


   Skills:
 - Level 2.5 Fighting
 - Level 4.6 Short Blades
 - Level 2.4 Dodging
 - Level 5.9 Stealth
 - Level 6.0 Spellcasting
 + Level 8.8 Conjurations
 - Level 4.4 Hexes
 + Level 6.4 Fire Magic


You had 3 spell levels left.
You knew the following spells:

 Your Spells              Type           Power        Failure   Level  Hunger
b - Searing Ray           Conj           #####.       1%          2    None
c - Dazzling Spray        Conj/Hex       ####..       2%          3    ##.....
d - Fulminant Prism       Conj/Hex       ####......   8%          4    ####...
f - Fireball              Conj/Fire      ####......   14%         5    #####..
s - Sticky Flame          Conj/Fire      ####....     4%          4    ####...

Your spell library contained the following spells:

 Spells                   Type           Power        Failure   Level  Hunger
 Flame Tongue             Conj/Fire      ####.        1%          1    None
 Magic Dart               Conj           ####         1%          1    None
 Throw Flame              Conj/Fire      ####..       1%          2    None
 Conjure Flame            Conj/Fire      ####....     1%          3    ##.....
 Inner Flame              Hex/Fire       ####....     3%          3    ##.....
 Iskenderun's Mystic Bla  Conj           #####...     3%          4    ####...
 Force Lance              Conj/Tloc      ###.....     19%         4    ####...


Dungeon Overview and Level Annotations

Branches:
Dungeon (8/15)             Temple (1/1) D:7            Lair (0/6) D:8

Altars:
Ashenzari
Cheibriados
Dithmenos
Elyvilon
Fedhas
Gozag
Hepliaklqana
Kikubaaqudgha
Makhleb
Nemelex Xobeh
Okawaru
Qazlal
Ru
Sif Muna
Trog
Uskayaw
Vehumet
Xom
Yredelemnul
Zin
The Shining One

Shops:
D:4 }

Annotations:
D:5 1 runed translucent door, zkyp's ghost, novice MfAs


Innate Abilities, Weirdness & Mutations

You are small and have problems with some larger weapons.
You are carnivorous and can eat meat at any time.


Message History

You now have 9/19 mp.
You conjure a prism of explosive energy!
You now have 5/19 mp.
Your fulminant prism crackles loudly.
The blast of energy engulfs the jackal!!
You kill the jackal!
Vehumet accepts your kill.
The blast of energy engulfs the jackal!!
You kill the jackal!
Vehumet accepts your kill.
You hear a bark!
You hear an angry buzzing noise.
You hear a shout!
You hear a bark!
You hear an angry buzzing noise.
b - a chunk of flesh {@w0}
Things that are here:
a jackal corpse; a wyvern skeleton
Items here: % ÷ ††† a chunk of flesh {@w0}; a jackal corpse x2; a hound corpse a leopard gecko skeleton
Things that are here:
a jackal corpse; a wyvern skeleton Eat a chunk of flesh {@w0}? (ye/n/q)
You eat the chunk of flesh {@w0}.
This raw flesh tastes great.
The jackal bites you but does no damage.
You block the jackal's attack.
The jackal bites you but does no damage.
The jackal closely misses you.
You barely miss the jackal. The jackal closely misses you.
You hit the jackal but do no damage. The jackal bites you.
You take 1 damage, and have 51/54 hp.
You hit the jackal. You block the jackal's attack.
The jackal bites you but does no damage.
You barely miss the jackal. The jackal misses you.
You hit the jackal. The jackal misses you.
You barely miss the jackal. The jackal bites you.
You take 1 damage, and have 51/54 hp.
You closely miss the jackal. The jackal misses you.
You block the jackal's attack.
You closely miss the jackal. The jackal closely misses you.
You hit the jackal.
You kill the jackal!
Vehumet accepts your kill.
No target in view!
No target in view!
You start resting.
Health restored: 54; MP restored: 19 The troll shouts!
You hear an angry buzzing noise. x2
You conjure a prism of explosive energy!
The killer bee buzzes angrily. x3
You now have 15/19 mp.
The troll closely misses you. x2; The troll barely misses you.
Your fulminant prism crackles loudly.
The hound pauses to sniff the ground.
Aim: a troll The searing ray hits the troll. (Press . to maintain the ray.)
The killer bee stings your fulminant prism but does no damage.
The killer bee stings your fulminant prism.
You block the troll's attack. The troll barely misses you.
The troll misses you.
The blast of energy engulfs the killer bee!
The blast of energy engulfs the killer bee!!
You kill the killer bee!
Vehumet accepts your kill.
The blast of energy engulfs the hound!
The blast of energy engulfs the killer bee!!
You kill the killer bee!
Vehumet accepts your kill.
The blast of energy engulfs the troll!
The blast of energy engulfs the killer bee!
You now have 13/19 mp.
The searing ray hits the troll!
The troll barely misses you. The troll claws you. The troll barely misses you.
You take 5 damage, and have 49/54 hp.
You now have 12/19 mp.
You conjure a prism of explosive energy!
The killer bee stings your fulminant prism. x2
The troll bites you!! The troll misses you. The troll barely misses you.
You take 19 damage, and have 30/54 hp.
MASSIVE DAMAGE!!
You now have 8/19 mp.
Okay, then.
Unknown command.
Okay, then.
Unknown command.
The spray of energy misses the troll.
The spray of energy misses the killer bee.
The spray of energy hits the hound.
The troll bites you! The troll barely misses you. The troll misses you.
You take 13 damage, and have 17/54 hp.
MASSIVE DAMAGE!!
You now have 5/19 mp.
Aim: a killer bee The spray of energy hits the troll.
The troll closely misses you. The troll claws you.
* * * LOW HITPOINT WARNING * * *
You block the troll's attack.
You take 3 damage, and have 14/54 hp.
You now have 3/19 mp.
As you read the scroll of teleportation, it crumbles to dust.
You feel strangely unstable. The troll bites you!!
You die...

..≈.≈ ≈..≈≈..#l##
... ≈......#..## ...
.......##..##
#.####.####.#####
##.#. #....yh.....#
#<.. #y# ###.# #y#
#...# #T# #.### #@#
###.# #.#
#######...# #.#
#.........# #.#
#...<.....#
#####.####.........#
#....>...###...###.#
#...(....#≈≈r..≈≈#.#
#........#≈..♣.)≈#.#
#.......r..........#


You could see a troll, a hound and 3 killer bees.

Vanquished Creatures
  A troll (D:6)
  Prince Ribbit (D:5)
  A wyvern (D:8)
  A hungry ghost (D:7)
  5 sky beasts
  An orc warrior (D:6)
  A wolf (D:8)
  A centaur (D:6)
  Blork the orc (D:5)
  A crocodile (D:7)
  6 bullfrogs
  2 killer bees (D:8)
  An electric eel (D:8)
  2 crimson imps
  A quasit (D:6)
  A centaur zombie (D:7)
  5 hounds
  A jelly (D:8)
  Crazy Yiuf (D:7)
  A bullfrog skeleton (D:5)
  6 orc priests
  8 orc wizards
  A centaur skeleton (D:7)
  Ijyb (D:5)
  An iguana (D:4)
  2 worker ants
  A killer bee zombie (D:5)
  2 worker ant zombies
  16 adders
  A shadow imp (D:6)
  8 oozes
  An adder zombie (D:5)
  An adder skeleton (D:6)
  2 dart slugs
  15 leopard geckos
  26 orcs
  8 ball pythons
  13 giant cockroaches
  5 hobgoblins
  8 jackals
  5 quokkas
  8 bats
  15 frilled lizards
  10 goblins
  A jackal zombie (D:6)
  8 kobolds
  4 rats
212 creatures vanquished.

Vanquished Creatures (others)
  33 fulminant prisms
33 creatures vanquished.

Grand Total: 245 creatures vanquished

Notes
Turn   | Place    | Note
-------+----------+-------------------------------------------
     0 | D:1      | mhoghedin the Kobold Conjurer began the quest for the Orb.
     0 | D:1      | Reached XP level 1. HP: 10/10 MP: 3/3
   505 | D:1      | Reached XP level 2. HP: 15/15 MP: 2/5
   955 | D:1      | Reached XP level 3. HP: 19/19 MP: 2/7
  1254 | D:2      | Noticed a bullfrog
  1265 | D:2      | Learned a level 2 spell: Searing Ray
  1269 | D:2      | Learned a level 3 spell: Dazzling Spray
  1283 | D:2      | Killed a bullfrog
  1283 | D:2      | Reached skill level 3 in Spellcasting
  1283 | D:2      | Reached skill level 5 in Conjurations
  1283 | D:2      | Reached XP level 4. HP: 24/24 MP: 2/9
  1417 | D:2      | Reached XP level 5. HP: 28/28 MP: 5/10
  1577 | D:2      | Noticed an air elemental
  1580 | D:2      | Found a stormy altar of Qazlal.
  1581 | D:2      | Noticed a water elemental
  1581 | D:2      | Noticed a fire elemental
  1782 | D:2      | Reached skill level 4 in Spellcasting
  2142 | D:3      | Learned a level 4 spell: Fulminant Prism
  2684 | D:3      | Found a shadowy altar of Dithmenos.
  2684 | D:3      | Found a shimmering altar of Xom.
  2684 | D:3      | Found an opulent altar of Gozag.
  2983 | D:3      | Reached skill level 1 in Hexes
  2983 | D:3      | Reached XP level 6. HP: 32/32 MP: 4/12
  3317 | D:4      | HP: 3/32 [orc priest/divine providence (16)]
  3323 | D:4      | HP: 5/32 [orc priest/+0 whip (6)]
  3719 | D:4      | Found a glowing golden altar of the Shining One.
  3927 | D:4      | Reached skill level 2 in Hexes
  4101 | D:4      | Found Bumus's Gadget Shop.
  4142 | D:5      | Entered Level 5 of the Dungeon
  4247 | D:5      | Reached XP level 7. HP: 34/36 MP: 6/14
  4256 | D:5      | Noticed Ijyb
  4385 | D:5      | Reached skill level 5 in Spellcasting
  4385 | D:5      | Reached skill level 6 in Conjurations
  4542 | D:5      | Noticed Prince Ribbit
  4559 | D:5      | Killed Prince Ribbit
  4559 | D:5      | Reached skill level 3 in Hexes
  4559 | D:5      | Reached XP level 8. HP: 38/41 MP: 1/16
  4664 | D:5      | Killed Ijyb
  4683 | D:5      | HP: 10/41 [sky beast (6)]
  4686 | D:5      | HP: 4/41 [sky beast (6)]
  5055 | D:5      | Found a runed translucent door.
  5055 | D:5      | Noticed zkyp's ghost (novice MfAs)
  5289 | D:5      | Noticed Blork the orc
  5301 | D:5      | Killed Blork the orc
  5301 | D:5      | Reached skill level 1 in Short Blades
  5301 | D:5      | Reached skill level 3 in Stealth
  5558 | D:5      | Found a sacrificial altar of Ru.
  5731 | D:6      | Reached skill level 2 in Short Blades
  5758 | D:6      | Reached skill level 4 in Stealth
  5759 | D:6      | Reached skill level 3 in Short Blades
  5861 | D:6      | Reached skill level 4 in Hexes
  5972 | D:6      | Reached skill level 7 in Conjurations
  6040 | D:6      | Found a glowing drain.
  6044 | Sewer    | Entered a sewer
  6549 | Sewer    | Reached skill level 1 in Fighting
  6791 | Sewer    | Reached skill level 5 in Stealth
  6805 | Sewer    | Reached skill level 4 in Short Blades
  6805 | Sewer    | Reached XP level 9. HP: 44/48 MP: 3/17
  6984 | D:6      | Reached skill level 2 in Fighting
  7007 | D:6      | Found a hazy altar of Hepliaklqana.
  7412 | D:6      | Reached skill level 6 in Spellcasting
  7517 | D:6      | Learned a level 4 spell: Sticky Flame
  7623 | D:6      | Noticed a troll
  7632 | D:6      | Killed a troll
  7632 | D:6      | Reached skill level 3 in Fire Magic
  7918 | D:6      | Found a basalt altar of Yredelemnul.
  8407 | D:7      | Reached skill level 4 in Fire Magic
  8982 | D:7      | Reached skill level 5 in Fire Magic
  9196 | D:7      | Found an iron altar of Okawaru.
  9261 | D:7      | Found a staircase to the Ecumenical Temple.
  9268 | Temple   | Entered the Ecumenical Temple
  9314 | Temple   | Became a worshipper of Vehumet
  9496 | D:7      | Reached skill level 8 in Conjurations
  9645 | D:7      | Found a runed translucent door.
  9646 | D:7      | Noticed Crazy Yiuf
  9656 | D:7      | Killed Crazy Yiuf
  9680 | D:7      | Learned a level 5 spell: Fireball
  9723 | D:8      | Found a white marble altar of Elyvilon.
  9737 | D:8      | Reached XP level 10. HP: 54/54 MP: 15/19
  9738 | D:8      | Found an iron altar of Okawaru.
  9782 | D:8      | Found a staircase to the Lair.
  9868 | D:8      | Noticed a two-headed ogre
 10522 | D:8      | Reached skill level 6 in Fire Magic
 10775 | D:8      | Slain by a troll

Levels and vault maps discovered:
D:1:      minmay_arrival_stair_chambers, layout_loops_ring,
          minmay_misc_feat_five, minivault_19
D:2:      layout_basic, nicolae_qazlal_style_of_elements, corner_web_ring,
          grunt_ministairs_8, minmay_crystal_room, st_stairs_7
D:3:      layout_basic, gammafunk_temple_overflow_claw
D:4:      layout_basic, tso_metal_star, serial_shops, nicolae_shop_statue_plus,
          dk_noncrumbling_2, minivault_1
D:5:      layout_loops_ring, nicolae_ru_sacrificial_ziggurat,
          hellmonk_ghost_happy_afterlife, first_ration,
          minmay_misc_feat_nine_boxes, uniq_blork_the_orc, uniq_prince_ribbit1,
          uniq_ijyb
D:6:      layout_loops_corners, overflow_temple_1_default, lemuel_round_altar,
          gup_sewer_entry_bowl, serial_rivers, chequers_serial_rivers_small_3,
          chequers_serial_rivers_marsh, chequers_serial_rivers_micro_c,
          chequers_serial_rivers_marsh
D:7:      layout_basic, kennysheep_okawaru_gauntlet, temple_statues,
          uniq_crazy_yiuf_cottage
D:8:      minmay_separated_statues, layout_rooms, elyvilon_altar_4,
          erik_lair_island, basic_altar
Temple:   minmay_temple_bridge_abc

Skill      XL: |  1  2  3  4  5  6  7  8  9 10 |
---------------+-------------------------------+-----
Spellcasting   | 3 4 5 6 |  6.0
Conjurations   | 5 6 7 8 |  8.8
Hexes          | 1 2 3 4 |  4.4
Short Blades   | 4 |  4.6
Stealth        | 5 |  5.9
Fighting       | 1 2 |  2.5
Fire Magic     | 5 6 |  6.4
Dodging        | |  2.4

Action                   |  1- 3 |  4- 6 |  7- 9 | 10-12 || total
-------------------------+-------+-------+-------+-------++-------
Melee: Unarmed           |     4 |       |       |       ||     4
       Short sword       |     2 |    53 |   189 |    73 ||   317
 Cast: Magic Dart        |    35 |    57 |       |       ||    92
       Searing Ray       |     1 |    20 |    45 |     6 ||    72
       Dazzling Spray    |       |     3 |    20 |     5 ||    28
       Fulminant Prism   |       |     3 |    22 |     8 ||    33
       Sticky Flame      |       |       |     4 |     1 ||     5
Evoke: Wand              |       |       |     4 |     4 ||     8
  Use: Scroll            |       |     6 |     8 |     3 ||    17
       Potion            |       |     3 |       |     2 ||     5
 Stab: Invisible         |       |     1 |     1 |       ||     2
       Distracted        |       |       |     1 |       ||     1
       Sleeping          |       |       |     1 |       ||     1
  Eat: Chunk             |     2 |    18 |    22 |     1 ||    43
Armor: Robe              |    10 |    13 |    49 |    24 ||    96
Dodge: Dodged            |    27 |    67 |   190 |    89 ||   373
Block: Other             |       |    14 |    70 |    35 ||   119
       Reflection        |       |       |     1 |       ||     1

Table legend:
 A = Non-vault XP
 B = Vault XP
 C = Vault XP percentage of total XP
 D = Non-vault monster count
 E = Vault monster count
 F = Vault count percentage of total count
                 A         B        C        D         E       F
            +---------+---------+-------+---------+---------+-------
      Total |    3641 |    1118 |  23.5 |     150 |      62 |  29.2
            +---------+---------+-------+---------+---------+-------
        D:1 |      29 |       0 |   0.0 |      18 |       0 |   0.0
        D:2 |     143 |      31 |  17.8 |      18 |       3 |  14.3
        D:3 |     103 |       0 |   0.0 |      22 |       0 |   0.0
        D:4 |     163 |       0 |   0.0 |       7 |       0 |   0.0
        D:5 |     508 |     406 |  44.4 |      15 |       3 |  16.7
        D:6 |     959 |       5 |   0.5 |      30 |       2 |   6.2
        D:7 |    1202 |      45 |   3.6 |      25 |       3 |  10.7
        D:8 |     534 |     282 |  34.6 |      15 |       5 |  25.0
      Sewer |       0 |     349 | 100.0 |       0 |      46 | 100.0
            +---------+---------+-------+---------+---------+-------

Levels and vault maps discovered:
D:1:      minmay_arrival_stair_chambers, layout_loops_ring,
          minmay_misc_feat_five, minivault_19
D:2:      layout_basic, nicolae_qazlal_style_of_elements, corner_web_ring,
          grunt_ministairs_8, minmay_crystal_room, st_stairs_7
D:3:      layout_basic, gammafunk_temple_overflow_claw
D:4:      layout_basic, tso_metal_star, serial_shops, nicolae_shop_statue_plus,
          dk_noncrumbling_2, minivault_1
D:5:      layout_loops_ring, nicolae_ru_sacrificial_ziggurat,
          hellmonk_ghost_happy_afterlife, first_ration,
          minmay_misc_feat_nine_boxes, uniq_blork_the_orc, uniq_prince_ribbit1,
          uniq_ijyb
D:6:      layout_loops_corners, overflow_temple_1_default, lemuel_round_altar,
          gup_sewer_entry_bowl, serial_rivers, chequers_serial_rivers_small_3,
          chequers_serial_rivers_marsh, chequers_serial_rivers_micro_c,
          chequers_serial_rivers_marsh
D:7:      layout_basic, kennysheep_okawaru_gauntlet, temple_statues,
          uniq_crazy_yiuf_cottage
D:8:      minmay_separated_statues, layout_rooms, elyvilon_altar_4,
          erik_lair_island, basic_altar
Temple:   minmay_temple_bridge_abc

Table legend:
 A = Turns spent in this place as a percentage of turns spent in the entire game.
 B = Non-inter-level travel turns spent in this place as a percentage of non-inter-level travel turns spent in the entire game.
 C = Inter-level travel turns spent in this place as a percentage of turns spent in this place.
 D = Turns resting spent in this place as a percentage of non-inter-level travel turns spent in this place.
 E = Turns spent auto-exploring this place as a percentage of non-inter-level travel turns spent in this place.
 F = Non-inter-level travel turns spent in this place divided by the number of levels of this place that you've seen.
                   A       B       C       D       E      F
               +-------+-------+-------+-------+-------+----------------------
         Total | 100.0 | 100.0 |   3.3 |  41.4 |  38.7 | 1042.0
       Dungeon |  90.9 |  90.9 |   3.3 |  41.8 |  40.9 | 1184.0
        Temple |   0.8 |   0.5 |  42.0 |   0.0 |  66.0 |  47.0
         Sewer |   8.4 |   8.6 |   0.0 |  39.4 |  14.0 | 901.0
               +-------+-------+-------+-------+-------+----------------------

Table legend:
 A = Kills in this place as a percentage of kills in entire the game.
 B = Kills by you in this place as a percentage of kills by you in the entire game.
 C = Kills by friends in this place as a percentage of kills by friends in the entire game.
 D = Other kills in this place as a percentage of other kills in the entire game.
 E = Experience gained in this place as a percentage of experience gained in the entire game.
 F = Experience gained in this place divided by the number of levels of this place that you have seen.
                   A       B       C       D       E      F
               +-------+-------+-------+-------+-------+----------------------
         Total | 100.0 | 100.0 |   N/A |   N/A | 100.0 | 475.9
       Dungeon |  78.3 |  78.3 |   N/A |   N/A |  92.7 | 551.2
         Sewer |  21.7 |  21.7 |   N/A |   N/A |   7.3 | 349.0
               +-------+-------+-------+-------+-------+----------------------
